 Dungeon Crawl Stone Soup version 0.29-a0-275-g389c0b56f3 (webtiles) character file.

Game seed: 7588013161191649667

648 spaghetti the Conjurer (level 7, 0/45 HPs)
             Began as an Octopode Chaos Knight on Mar 13, 2022.
             Was an Initiate of Cheibriados.
             Succumbed to a water moccasin's poison
             ... on level 5 of the Dungeon.
             The game lasted 00:09:02 (4388 turns).

spaghetti the Conjurer (Octopode Chaos Knight)      Turns: 4388, Time: 00:09:02

Health: 0/45       AC:  1    Str:  8      XL:     7   Next: 53%
Magic:  7/7        EV: 13    Int: 15 (16) God:    Cheibriados [......]
Gold:   1311       SH:  0    Dex: 12      Spells: 6/6 levels left

rFire   + . .      SeeInvis .   d - +11 whip of the Forgotten Beggars {vorpal, rF+, mace}
rCold   . . .      Faith    .   (no shield)
rNeg    . . .      Spirit   .   (helmet restricted)
rPois   .          Reflect  .   (no amulet)
rElec   .          Harm     .   (no ring)
rCorr   .          Rampage  .   (no ring)
Will    .....                   (no ring)
Stlth   ++........              (no ring)
HPRegen 0.15/turn               (no ring)
MPRegen 0.10/turn               (no ring)
                                (no ring)
                                (no ring)

@: lethally poisoned (0 -> -11), very slow
A: almost no armour, amphibious, 8 rings, camouflage 1, gelatinous body 1,
(nimble swimmer 1), tentacles, dopey 1, frail 1, weak 2
a: Renounce Religion


You were on level 5 of the Dungeon.
You worshipped Cheibriados.
Cheibriados was noncommittal.
You visited 2 branches of the dungeon, and saw 6 of its levels.

You collected 1311 gold pieces.


Innate Abilities, Weirdness & Mutations

You cannot wear most types of armour.
You are amphibious.
You can wear up to eight rings at the same time.
Your skin changes colour to match your surroundings (Stealth+).
Your rubbery body absorbs attacks. (AC +1, EV +1)
((You are camouflaged when in or above water. (Stealth+)))
You have tentacles for arms and can constrict up to eight enemies at once.
You are dopey. (Int -2)
You are frail. (-10% HP)
You are very weak. (Str -4)


   Skills:
 - Level 5.0 Fighting
 - Level 3.0 Maces & Flails
 - Level 2.3 Dodging
 + Level 6.7 Conjurations


You had 6 spell levels left.
You didn't know any spells.
Your spell library contained the following spells:

 Spells                   Type           Power      Damage    Failure   Level
 Corpse Rot               Necr/Air       0%         N/A       38%         2
 Poisonous Vapours        Pois/Air       0%         N/A       38%         2
 Summon Guardian Golem    Hex/Summ       0%         N/A       63%         3
 Dispel Undead            Necr           0%         3d6       95%         4
 Death Channel            Necr           0%         N/A       100%        6
 Orb of Destruction       Conj           10%        9d6       100%        7
 Spellforged Servitor     Conj/Summ      5%         N/A       100%        7

Inventory:

Hand Weapons
 c - a +0 short sword {short}
   (Xom gifted it to you on level 3 of the Dungeon)
 d - the +11 whip of the Forgotten Beggars (weapon) {vorpal, rF+, mace}
   (You found it on level 2 of the Dungeon)

   It inflicts extra damage upon your enemies.
   rF:        It protects you from fire.
Missiles
 e - 93 stones {throwing}
 g - 10 boomerangs {throwing}
 h - a throwing net {=f!fthrowing}
 m - 6 atropa-tipped darts {throwing}
Magical Staves
 o - a staff of earth {!astaff}
   (You found it on level 3 of the Dungeon)
Jewellery
 l - an amulet of magic regeneration {@e2}
   (You found it on level 3 of the Dungeon)
Scrolls
 a - a scroll of magic mapping {!r}
 n - 2 scrolls of vulnerability {!r!r}
Potions
 i - a potion of brilliance
 j - a potion of attraction {!q}

Dungeon Overview and Level Annotations

Branches:
Dungeon (5/15)             Temple (1/1) D:4

Altars:
Ashenzari
Cheibriados
Dithmenos
Elyvilon
Fedhas
Gozag
Hepliaklqana
Kikubaaqudgha
Makhleb
Nemelex Xobeh
Okawaru
Qazlal
Ru
Sif Muna
Trog
Uskayaw
Vehumet
Wu Jian
Xom
Yredelemnul
The Shining One

####### #
#.....# .
##.....###
#.##........
#.#.......#
#.....o...#
. #.. #@#
....##†##†#
#.o..S..).#
..####[####
#' .. ...
.... .....


You could see an orc wizard.


Message History

Unknown command.
Unknown command.
Okay, then.
An orc comes into view. It is wielding a +0 short sword.
The adder hisses angrily.
The adder closely misses you. The adder barely misses you.
You hit the adder but do no damage. You grab the adder.
You tentacle-slap the adder.
You squeeze the adder, but do no damage.
You constrict the adder.
The orc shouts!
The iguana hisses angrily.
The adder barely misses you.
An orc comes into view. It is wielding a +0 club.
The orc shouts!
You whack the adder!
You kill the adder!
Cheibriados thoroughly appreciates the change of pace.
You hear a shout!
Your Conjurations skill increases to level 6! 😕 HP[+1]
You closely miss the ufetubus. You grab the ufetubus.
You tentacle-slap the ufetubus. You constrict the ufetubus.
The ufetubus hits you. x3
The ufetubus hits you but does no damage. 😕 HP[-6]
You take 6 damage, and now have 38/45 hp.
You whack the ufetubus!
You kill the ufetubus!
Cheibriados appreciates the change of pace.
You hit the iguana. You grab the iguana.
You squeeze the iguana, but do no damage.
You constrict the iguana. The iguana bites you! 😮 HP[-11]
You take 11 damage, and now have 27/45 hp.
MASSIVE DAMAGE!! (PAUSE)
You hit the iguana but do no damage. You squeeze the iguana.
You constrict the iguana, but do no damage.
The iguana bites you!
* * * LOW HITPOINT WARNING * * *
😨 HP[-6]
You take 6 damage, and now have 21/45 hp.
Unknown command.
You hit the iguana but do no damage. You constrict the iguana.
The iguana bites you but does no damage.
Unknown command.
You whack the iguana!
You kill the iguana!
Cheibriados appreciates the change of pace.
You hit the orc but do no damage. You grab the orc. You squeeze the orc.
You constrict the orc, but do no damage.
The orc misses you.
You hit the orc.
You kill the orc!
Cheibriados appreciates the change of pace.
A water moccasin comes into view.
You closely miss the orc.
The water moccasin hisses angrily.
You grab the orc. You constrict the orc. The orc barely misses you.
You hit the orc. You squeeze the orc.
You kill the orc!
Cheibriados thoroughly appreciates the change of pace.
An orc wizard comes into view. It is wielding a +0 dagger. 😨 HP[+1]
Okay, then.
You feel better. 😮 HP[+5]
You regained 5 hp, and now have 27/45 hp.
You aren't carrying any items that you can evoke.
Okay, then.
You whack the water moccasin! Your grab misses the water moccasin.
Your squeeze misses the water moccasin. The water moccasin misses you.
The water moccasin barely misses you.
You barely miss the water moccasin. You grab the water moccasin.
You constrict the water moccasin. The water moccasin bites you!
* * * LOW HITPOINT WARNING * * *
😨 HP[-8]
You take 8 damage, and now have 19/45 hp.
You whack the water moccasin!
You constrict the water moccasin, but do no damage.
The water moccasin bites you!
* * * LOW HITPOINT WARNING * * *
You are lethally poisoned!
The water moccasin poisons you! The water moccasin bites you.
* * * LOW HITPOINT WARNING * * *
😱 HP[-11]
You take 11 damage, and now have 8/45 hp.
MASSIVE DAMAGE!! (PAUSE)
You barely miss the water moccasin. You squeeze the water moccasin.
You kill the water moccasin!
Cheibriados appreciates the change of pace.
* * * LOW HITPOINT WARNING * * *
You feel very sick.
The orc wizard hits you with a +0 dagger.
* * * LOW HITPOINT WARNING * * *
You feel your intelligence returning. 😱 HP[-7]
You take 7 damage, and now have 1/45 hp.
You whack the orc wizard! You grab the orc wizard.
You constrict the orc wizard, but do no damage.
You die...

Skill      XL: |  1  2  3  4  5  6  7 |
---------------+----------------------+-----
Fighting       | 4 5 |  5.0
Conjurations   | 2 4 5 6 |  6.7
Maces & Flails | |  3.0
Dodging        | |  2.3

Action                   |  1- 3 |  4- 6 |  7- 9 || total
-------------------------+-------+-------+-------++-------
Melee: Mace              |    55 |    26 |       ||    81
       Tentacles         |    15 |    17 |     6 ||    38
       Constrict         |    12 |    25 |     7 ||    44
       Whip              |       |    94 |    17 ||   111
       Punch             |       |       |     2 ||     2
Evoke: Piece from Xom's  |     1 |     7 |       ||     8
  Use: Potion            |       |     7 |     1 ||     8
       Scroll            |       |     8 |       ||     8
 Stab: Sleeping          |     3 |     2 |       ||     5
       Petrifying        |       |     1 |       ||     1
       Petrified         |       |     1 |       ||     1
Armor: Skin              |     9 |    10 |     2 ||    21
Dodge: Dodged            |    41 |    65 |     7 ||   113

Levels and vault maps discovered:
D:1:      lemuel_arrival_lava_pool, layout_basic, minmay_hedge_maze
D:2:      layout_loops_corners, dreamdust_ecumenical_altar_grove,
          hangedman_decor_opposing, nicolae_grassy_gnolls
D:3:      layout_rooms
D:4:      layout_loops_ring, minmay_temple_entry_wispy
D:5:      layout_loops_corners, due_unseen_surprise
Temple:   compressed_dpeg_triangle_lava_temple

Notes
Turn   | Place    | Note
-------+----------+-------------------------------------------
     0 | D:1      | spaghetti the Octopode Chaos Knight began the quest for the
                  | Orb.
     0 | D:1      | Reached XP level 1. HP: 16/16 MP: 1/1
     0 | D:1      | magus.rc [v1.9.6]
   147 | D:1      | You pick up a book of Vapours and begin reading...
   147 | D:1      | You add the spells Poisonous Vapours and Corpse Rot to your
                  | library.
   195 | D:1      | Reached XP level 2. HP: 18/21 MP: 2/2
   395 | D:1      | XOM: divination: detect items
   498 | D:1      | XOM: divination: detect items
   516 | D:1      | Reached skill level 4 in Fighting
   519 | D:1      | Reached XP level 3. HP: 27/27 MP: 3/3
   887 | D:1      | XOM: silly message
   979 | D:2      | XOM: smoke on damage
   980 | D:2      | XOM: potion effect (haste)
   988 | D:2      | You pick up a book of Dangerous Friends and begin
                  | reading...
   988 | D:2      | You add the spells Summon Guardian Golem, Orb of
                  | Destruction and Spellforged Servitor to your library.
  1030 | D:2      | XOM: cast spell 'Chain of Chaos'
  1031 | D:2      | Reached XP level 4. HP: 24/34 MP: 4/4
  1033 | D:2      | Reached skill level 5 in Fighting
  1052 | D:2      | XOM: scenery: create altars
  1281 | D:2      | XOM: give mutations
  1281 | D:2      | Gained mutation: You are weak. (Str -2) [Xom's mischief]
  1281 | D:2      | Gained mutation: You are dopey. (Int -2) [Xom's mischief]
  1281 | D:2      | Gained mutation: You are very weak. (Str -4) [Xom's
                  | mischief]
  1281 | D:2      | Gained mutation: You are frail. (-10% HP) [Xom's mischief]
  1310 | D:2      | Reached skill level 1 in Conjurations
  1514 | D:2      | XOM: 1-stop teleportation journey
  1599 | D:2      | Identified the +11 whip of the Forgotten Beggars {vorpal,
                  | rF+}
  1671 | D:2      | XOM: fog
  1680 | D:2      | Found a faded altar of an unknown god.
  1926 | D:2      | XOM is BORED!
  1926 | D:2      | XOM: draining
  1928 | D:2      | Identified a scroll of acquirement
  1928 | D:2      | Acquired 1098 gold pieces
  2189 | D:3      | XOM: confuse monster(s)
  2280 | D:3      | Reached skill level 2 in Conjurations
  2280 | D:3      | Reached XP level 5. HP: 24/32 MP: 5/5
  2557 | D:3      | XOM: cloud trail
  2569 | D:3      | You pick up a book of Decay and begin reading...
  2569 | D:3      | You add the spells Dispel Undead and Death Channel to your
                  | library.
  2711 | D:3      | XOM: god gift: short sword {god gift}
  2751 | D:3      | Reached skill level 3 in Conjurations
  2967 | D:4      | XOM: 1-stop teleportation journey
  3122 | D:4      | Reached skill level 4 in Conjurations
  3122 | D:4      | Reached XP level 6. HP: 25/40 MP: 6/6
  3136 | D:4      | Found a staircase to the Ecumenical Temple.
  3157 | Temple   | XOM: stealth player
  3157 | Temple   | Entered the Ecumenical Temple
  3175 | Temple   | XOM: god gift: ring mail {god gift}
  3264 | Temple   | Fell from the grace of Xom
  3264 | Temple   | Became a worshipper of Cheibriados the Contemplative
  3563 | D:4      | Reached skill level 5 in Conjurations
  3565 | D:4      | HP: 14/60 [gnoll/+0 spear (3)]
  3568 | D:4      | HP: 4/60 [gnoll/+0 halberd (10)]
  3612 | D:4      | XOM: stat loss: -2 Int (14/16)
  3838 | D:4      | XOM: scenery: create altars
  3896 | D:4      | XOM: stat loss: -1 Int (13/16)
  4173 | D:5      | Entered Level 5 of the Dungeon
  4199 | D:5      | Reached XP level 7. HP: 18/45 MP: 7/7
  4363 | D:5      | XOM: 1-stop teleportation journey
  4367 | D:5      | Reached skill level 6 in Conjurations
  4386 | D:5      | HP: 8/45 [water moccasin (5)]
  4387 | D:5      | HP: 1/45 [orc wizard/+0 dagger (4)]
  4388 | D:5      | Succumbed to a water moccasin's poison

Vanquished Creatures
  A water moccasin (D:5)
  A phantom (D:5)
  A necrophage (D:4)
  2 hounds
  4 iguanas
  12 gnolls
  3 adders
  An ufetubus (D:5)
  A worm (D:3)
  3 dart slugs
  6 orcs
  9 ball pythons
  3 endoplasms
  4 giant cockroaches
  4 hobgoblins
  11 jackals
  6 kobolds
  3 quokkas
  5 bats
  7 frilled lizards
  3 goblins
  2 rats
92 creatures vanquished.

Vanquished Creatures (others)
  4 fungi (D:2)
  13 plants (D:2)
17 creatures vanquished.

Grand Total: 109 creatures vanquished

Table legend:
 A = Non-vault XP
 B = Vault XP
 C = Vault XP percentage of total XP
 D = Non-vault monster count
 E = Vault monster count
 F = Vault count percentage of total count
                 A         B        C        D         E       F
            +---------+---------+-------+---------+---------+-------
      Total |     869 |      57 |   6.2 |      88 |       4 |   4.3
            +---------+---------+-------+---------+---------+-------
        D:1 |      35 |       0 |   0.0 |      21 |       0 |   0.0
        D:2 |      64 |      57 |  47.1 |      24 |       4 |  14.3
        D:3 |     110 |       0 |   0.0 |      16 |       0 |   0.0
        D:4 |     329 |       0 |   0.0 |      20 |       0 |   0.0
        D:5 |     331 |       0 |   0.0 |       7 |       0 |   0.0
            +---------+---------+-------+---------+---------+-------

Illustrated notes

Table legend:
 A = Kills in this place as a percentage of kills in entire the game.
 B = Kills by you in this place as a percentage of kills by you in the entire game.
 C = Kills by friends in this place as a percentage of kills by friends in the entire game.
 D = Other kills in this place as a percentage of other kills in the entire game.
 E = Experience gained in this place as a percentage of experience gained in the entire game.
 F = Experience gained in this place divided by the number of levels of this place that you have seen.
                   A       B       C       D       E      F
               +-------+-------+-------+-------+-------+----------------------
         Total | 100.0 | 100.0 |   N/A |   N/A | 100.0 | 154.3
       Dungeon | 100.0 | 100.0 |   N/A |   N/A | 100.0 | 185.2
               +-------+-------+-------+-------+-------+----------------------

Table legend: (Time is in decaauts)
 A = Elapsed time spent in this place.
 B = Non-inter-level travel time spent in this place.
 C = Inter-level travel time spent in this place.
 D = Time resting spent in this place.
 E = Time spent auto-exploring this place.
 F = Levels seen in this place.
 G = Mean time per level.
                   A        B        C        D        E       F      G
               +--------+--------+--------+--------+--------+-----+--------+
         Total |   4547 |   4456 |     91 |    994 |   2670 |   6 |  757.8 |
       Dungeon |   4428 |   4356 |     72 |    994 |   2660 |   5 |  885.6 |
        Temple |    118 |    100 |     18 |      0 |      9 |   1 |  118.0 |
               +--------+--------+--------+--------+--------+-----+--------+

Top non-repeatable levels by time:
     D:4: 1301 daAuts
     D:2: 1022 daAuts
     D:1: 952 daAuts
     D:3: 932 daAuts
     D:5: 219 daAuts
  Temple: 118 daAuts
